 Dungeon Crawl Stone Soup version 0.30-a0-439-g9e77e4d916 (webtiles) character file.

Game seed: 3919695867200790551

110 McMuffin the Twirler (level 4, -3/33 HPs)
             Began as a Demonspawn Wanderer on Dec 9, 2022.
             Was an Initiate of Yredelemnul.
             Succumbed to a scorpion's poison
             ... on level 4 of the Dungeon on Dec 10, 2022.
             The game lasted 00:20:31 (2907 turns).

McMuffin the Twirler (Demonspawn Wanderer)          Turns: 2907, Time: 00:20:31

Health: -3/33      AC:  3    Str: 12    XL:     4   Next: 61%
Magic:  3/4        EV: 11    Int: 12    God:    Yredelemnul [......]
Gold:   136        SH:  5    Dex: 16    Spells: 2/3 levels left

rFire   . . .      SeeInvis +    a - +2 quarterstaff
rCold   . . .      Faith    .    (shield currently unavailable)
rNeg    . . .      Spirit   .    f - +0 robe
rPois   .          Reflect  +    (no helmet)
rElec   .          Harm     .    k - +0 cloak
rCorr   .          Rampage  .    (no gloves)
Will    .....                    (no boots)
Stlth   +.........               t - amulet of reflection
HPRegen 0.25/turn                x - ring of see invisible
MPRegen 0.09/turn                (no ring)

@: lethally poisoned (-3 -> -18), constricted
A: repulsion field 2
a: Renounce Religion, Recall Undead Harvest


You were on level 4 of the Dungeon.
You worshipped Yredelemnul.
Yredelemnul was noncommittal.
You visited 1 branch of the dungeon, and saw 4 of its levels.

You collected 136 gold pieces.

Inventory:

Hand Weapons
 a - a +2 quarterstaff (weapon)
 b - a +0 hand axe
 d - a +0 dagger
 g - a +0 hand axe
 n - a +0 mace
 v - a +0 rapier
Missiles
 c - 6 boomerangs
Armour
 f - a +0 robe (worn)
 k - a +0 cloak (worn)
 s - a +0 leather armour
Jewellery
 t - an amulet of reflection (around neck)
 x - a ring of see invisible (left hand)
Scrolls
 e - 2 scrolls of fog
 i - a scroll of enchant weapon {unknown}
 j - a scroll of fear {unknown}
 m - 2 scrolls of torment {unknown}
 o - a scroll of blinking {unknown}
 p - 2 scrolls of vulnerability {unknown}
 q - 2 scrolls of poison {unknown}
 u - a scroll of brand weapon {unknown}
 w - a scroll of identify {unknown}
 y - a scroll of amnesia {unknown}
Potions
 h - a potion of might {unknown}
 l - a potion of resistance {unknown}
 r - 2 potions of degeneration {unknown}


   Skills:
 + Level 2.3 Fighting
 + Level 1.7 Axes
 + Level 4.3 Staves
 + Level 2.2 Throwing
 + Level 1.0 Armour
 + Level 0.5 Dodging
 + Level 0.1 Stealth
 + Level 0.1 Shields
 + Level 0.4 Spellcasting
 + Level 0.4 Necromancy


You had 2 spell levels left.
You knew the following spells:

 Your Spells              Type           Power      Damage    Failure   Level
a - Necrotise             Necr           4%         1d4       26%         1

Your spell library contained the following spells:

 Spells                   Type           Power      Damage    Failure   Level
 Magic Dart               Conj           0%         1d3       32%         1
 Sublimation of Blood     Necr           1%         N/A       38%         2
 Call Imp                 Summ           0%         N/A       43%         2
 Ensorcelled Hibernation  Hex/Ice        0%         N/A       43%         2
 Passwall                 Tmut/Erth      0%         N/A       43%         2
 Wereblood                Tmut           0%         N/A       43%         2
 Vampiric Draining        Necr           1%         2d6       63%         3
 Mephitic Cloud           Conj/Pois/Air  0%         N/A       67%         3
 Swiftness                Air            0%         N/A       67%         3
 Agony                    Necr           1%         N/A       100%        5
 Summon Hydra             Summ           0%         N/A       100%        7


Dungeon Overview and Level Annotations

Branches:
Dungeon (4/15)
 Temple: D:4-7

Altars:
Trog
Yredelemnul

Shops:
D:3 [

Annotations:
D:4 Edmund


Innate Abilities, Weirdness & Mutations

You are surrounded by a moderate repulsion field. (EV +3)


Message History

You feel very sick. Edmund closely misses you. You block the scorpion's attack.
You barely miss the scorpion.
The scorpion is moderately wounded.
You feel sick. Edmund completely misses you. The scorpion barely misses you.
Edmund barely misses you.
You hit the scorpion but do no damage.
The scorpion is moderately wounded.
You feel sick. The scorpion barely misses you. Edmund barely misses you.
The scorpion stings you.
You are more poisoned.
The scorpion poisons you!
You hit the scorpion but do no damage.
The scorpion is moderately wounded.
You feel very sick. The scorpion closely misses you. Edmund closely misses you.
You hit the scorpion.
The scorpion is heavily wounded.
You feel very sick. You block the scorpion's attack. Edmund barely misses you.
You hit the scorpion.
The scorpion is almost dead.
You feel very sick. The ball python barely misses you.
The ball python grabs you. The ball python constricts you.
The scorpion stings you.
* * * LOW HITPOINT WARNING * * *
You are more poisoned.
The scorpion poisons you! You block Edmund's attack.
The ball python misses you. The ball python constricts you.
You barely miss the scorpion.
The scorpion is almost dead.
* * * LOW HITPOINT WARNING * * *
You feel very sick.
The scorpion stings you but does no damage.
Edmund closely misses you. The ball python closely misses you.
The ball python constricts you. The scorpion misses you.
You hit the scorpion but do no damage.
The scorpion is almost dead.
You die...
Your body rises from the dead as a mindless zombie.

####.#.#.#
##........#
......... .
....... #.#
..... ... ...
.. #.#.#.#.#
#@s......
......@S.......
...##.#.......#
#.#.......# .
(........ .$
#.#.#+#.# ..
.)... # ...
......


You could see Edmund, a scorpion and a ball python.

Vanquished Creatures
  An iguana (D:2)
  3 adders (D:2)
  A worm (D:3)
  An orc (D:3)
  3 ball pythons
  7 endoplasms
  2 giant cockroaches (D:2)
  4 goblins
  A hobgoblin (D:2)
  3 jackals (D:4)
  5 kobolds
  A quokka (D:3)
  5 bats
  7 frilled lizards
  6 rats
50 creatures vanquished.

Vanquished Creatures (collateral kills)
  A rat (D:3)
1 creature vanquished.

Vanquished Creatures (others)
  A frilled lizard zombie (D:3)
  A goblin zombie (D:3)
  An orc zombie (D:3)
  A rat zombie (D:3)
  2 plants (D:1)
6 creatures vanquished.

Grand Total: 57 creatures vanquished

Notes
Turn   | Place    | Note
-------+----------+-------------------------------------------
     0 | D:1      | McMuffin the Demonspawn Wanderer began the quest for the
                  | Orb.
     0 | D:1      | McMuffin set off with the following items: a +2
                  | quarterstaff, a +0 hand axe, 7 boomerangs, a +0 dagger, a
                  | scroll of fog, a +0 robe.
     0 | D:1      | Reached XP level 1. HP: 16/16 MP: 1/1
   608 | D:1      | Found a faded altar of an unknown god.
   626 | D:1      | Reached skill level 3 in Staves
   927 | D:1      | Gained mutation: You are surrounded by a mild repulsion
                  | field. (EV +2) [demonic ancestry]
   927 | D:1      | Reached XP level 2. HP: 22/22 MP: 2/2
  1220 | D:2      | Gained mutation: You are surrounded by a moderate repulsion
                  | field. (EV +3) [demonic ancestry]
  1220 | D:2      | Reached XP level 3. HP: 10/27 MP: 3/3
  1331 | D:2      | HP: 1/27 [endoplasm (3)]
  1561 | D:2      | Reached skill level 4 in Staves
  1561 | D:2      | Reached XP level 4. HP: 20/33 MP: 4/4
  1751 | D:2      | Learned a level 1 spell: Necrotise
  1751 | D:2      | Found a basalt altar of Yredelemnul.
  1763 | D:2      | Became a worshipper of Yredelemnul the Dark
  1919 | D:3      | Noticed a moth of wrath
  1997 | D:3      | Upgraded the game from 0.30-a0-424-g7412bad402 to
                  | 0.30-a0-439-g9e77e4d916
  2375 | D:3      | Found Bosetek's Armour Boutique.
  2652 | D:3      | Found a bloodstained altar of Trog.
  2661 | D:3      | Reached * piety under Yredelemnul
  2886 | D:4      | Noticed Edmund
  2891 | D:4      | Noticed a scorpion
  2906 | D:4      | HP: 1/33 [poisoned by a scorpion]
  2907 | D:4      | Succumbed to a scorpion's poison

Illustrated notes

Levels and vault maps discovered:
D:1:      nagdon_arrival_double_spiral, layout_loops_corners, serial_forest,
          infiniplex_forest_clump_curved, infiniplex_forest_3_way,
          infiniplex_forest_corner_1, infiniplex_forest_pool,
          hellmonk_ecumenical_altar_pennies_from_heaven, minmay_statues_item
D:2:      layout_loops_ring, basic_altar
D:3:      layout_loops_ring, tgw_trog, serial_shops, shop,
          kennysheep_generic_room_12
D:4:      layout_basic, mainiacjoe_overflow_24_doors,
          mainiacjoe_overflow_tiny_flanked, uniq_edmund, uniq_menkaure,
          uniq_grinder

Skill      XL: |  1  2  3 |
---------------+----------+-----
Staves         | 3 4 |  4.3
Throwing       | 2 |  2.2
Fighting       | |  2.3
Axes           | |  1.7
Armour         | |  1.0
Dodging        | |  0.5
Stealth        | |  0.1
Shields        | |  0.1
Spellcasting   | |  0.4
Necromancy     | |  0.4

Action                   |  1- 3 |  4- 6 || total
-------------------------+-------+-------++-------
Melee: Quarterstaff      |    71 |    49 ||   120
Throw: Boomerang         |     1 |     2 ||     3
 Cast: Necrotise         |       |    15 ||    15
Invok: Recall Undead Har |       |     2 ||     2
 Stab: Sleeping          |     2 |       ||     2
Armor: Robe              |    25 |     7 ||    32
Dodge: Dodged            |    51 |    59 ||   110
Block: Other             |    13 |    11 ||    24

Table legend: (Time is in decaauts)
 A = Elapsed time spent in this place.
 B = Non-inter-level travel time spent in this place.
 C = Inter-level travel time spent in this place.
 D = Time resting spent in this place.
 E = Time spent auto-exploring this place.
 F = Levels seen in this place.
 G = Mean time per level.
                   A        B        C        D        E       F      G
               +--------+--------+--------+--------+--------+-----+--------+
         Total |   2922 |   2735 |    187 |    232 |      0 |   4 |  730.5 |
       Dungeon |   2922 |   2735 |    187 |    232 |      0 |   4 |  730.5 |
               +--------+--------+--------+--------+--------+-----+--------+

Top non-repeatable levels by time:
     D:3: 1011 daAuts
     D:1: 995 daAuts
     D:2: 890 daAuts
     D:4: 25 daAuts
